 Dungeon Crawl Stone Soup version 0.27-a0-1200-g94dc6ad4cf (webtiles) character file.

Game seed: 17246253813518457824

1134 bande the Chopper (level 8, -7/50 HPs)
             Began as a Gargoyle Fighter on June 2, 2021.
             Mangled by an ogre
             ... wielding a +0 giant club
              (22 damage)
             ... on level 5 of the Dungeon.
             The game lasted 00:12:48 (5694 turns).

bande the Chopper (Gargoyle Fighter)                Turns: 5694, Time: 00:12:48

Health: -7/50      AC: 16    Str: 22    XL:     8   Next: 36%
Magic:  8/8        EV:  4    Int: 10    God:
Gold:   65         SH: 11    Dex: 10    Spells: 7/7 levels left

rFire    + . .     SeeInvis .   a - +0 war axe
rCold    . . .     Faith    .   c - +1 kite shield
rNeg     + . .     Spirit   .   i - +2 plate armour {rF+}
rPois    ∞         Reflect  .   b - +0 helmet
rElec    +         Harm     .   (no cloak)
rCorr    .         Rampage  .   (no gloves)
Will     .....     Rnd*Rage +   (no boots)
Stlth    ..........             (no amulet)
HPRegen  0.16/turn              (no ring)
MPRegen  0.11/turn              (no ring)

@: mighty
A: sickness immunity, AC +5, negative energy resistance 1, electricity
resistance, torment resistance 1, petrification resistance, berserk 1, clever 1,
deformed body
a: no special abilities


You were on level 5 of the Dungeon.
You visited 1 branch of the dungeon, and saw 5 of its levels.
You also visited: Sewer and Ossuary.

You collected 196 gold pieces.
You spent 131 gold pieces at shops.

Inventory:

Hand Weapons
 a - a +0 war axe (weapon)
 v - a +0 flail
Armour
 b - a +0 helmet (worn)
 c - a +1 kite shield (worn)
 i - a +2 plate armour of fire resistance (worn)
Jewellery
 j - a ring of fire
 q - a ring of flight
Scrolls
 f - 3 scrolls of fear
 h - a scroll of torment {unknown}
 p - 2 scrolls of teleportation
 t - a scroll of blinking {unknown}
Potions
 d - 2 potions of might
 e - 4 potions of flight
 g - a potion of ambrosia
 k - 2 potions of haste {unknown}
 l - a potion of curing {unknown}
 m - 2 potions of berserk rage {unknown}
 n - a potion of cancellation
 o - a potion of resistance {unknown}
 r - a potion of heal wounds {unknown}
 s - a potion of attraction {unknown}
 u - a potion of mutation


   Skills:
 + Level 5.5 Fighting
 + Level 6.5 Axes
 + Level 5.0 Armour
 + Level 0.6 Dodging
 + Level 5.3 Shields


You had 7 spell levels left.
You didn't know any spells.
Your spell library contained the following spells:

 Spells                   Type           Power      Damage    Failure   Level
 Sandblast                Erth           0%         2d4       100%        1
 Summon Small Mammal      Summ           0%         N/A       100%        1
 Call Imp                 Summ           0%         N/A       100%        2
 Passwall                 Tmut/Erth      0%         N/A       100%        2
 Call Canine Familiar     Summ           0%         N/A       100%        3
 Stone Arrow              Conj/Erth      0%         3d7       100%        3
 Summon Guardian Golem    Hex/Summ       0%         N/A       100%        3
 Petrify                  Tmut/Erth      0%         N/A       100%        4
 Summon Ice Beast         Ice/Summ       0%         N/A       100%        4
 Summon Lightning Spire   Summ/Air       0%         N/A       100%        4
 Lee's Rapid Deconstruct  Erth           0%         3d5*      100%        5


Dungeon Overview and Level Annotations

Branches:
Dungeon (5/15)              Sewer (visited)         Ossuary (visited)
 Temple: D:4-7

Altars:
Fedhas
Hepliaklqana
Nemelex Xobeh
Ru
Trog

Shops:
D:5 ?=!(

Annotations:
D:4 exclusion: oklob plant


Innate Abilities, Weirdness & Mutations

You are immune to sickness and miasma.
Your stone body is resilient. (AC +5)
You are immune to poison.
You resist negative energy. (rN+)
You are resistant to electric shocks. (rElec)
You are resistant to unholy torment.
You are immune to petrification.
You tend to lose your temper in combat.
Your mind is acute. (Int +2)
Armour fits poorly on your strangely shaped body.


Message History

No target in view!
No target in view!
No target in view!
No target in view!
There is an entrance to Fipou's Antique Weapon Emporium here.
A dart slug comes into view.
The dart slug launches a dart at you. You block the slug dart.
You hit the dart slug but do no damage. You hit the dart slug.
The dart slug is moderately wounded.
You block the dart slug's attack.
You slash the dart slug!
You kill the dart slug!
No target in view!
No target in view!
No target in view!
You see here a dart slug corpse.
An ogre comes into view. It is wielding a +0 giant club.
The ogre shouts!
An ogre is nearby!
You feel very mighty all of a sudden. The ogre hits you but does no damage.
You hit the ogre.
The ogre is lightly wounded.
The ogre barely misses you.
You slice the ogre!!
The ogre is almost dead.
The ogre hits you with a +0 giant club!
Your shield and plate armour prevent you from hitting the ogre.
The ogre is almost dead.
The ogre hits you with a +0 giant club!
You barely miss the ogre.
The ogre is almost dead.
The ogre hits you with a +0 giant club!
* * * LOW HITPOINT WARNING * * *
You barely miss the ogre.
The ogre is almost dead.
The ogre hits you with a +0 giant club!!
You die...

*******,∩,*** ##.###.∩...##
*,,,,,,,♣.,* #............
*,******#.,* #..###.....##
####***,******#..####..###.....#
#..,,,,,,,,,,,...............###
#.#****,#*****#.#####..#######
#.#####.# #.* #..#
........#######.#####..####
###.###.#......O@...†.....#
'∩#..#,,..#####.#####..##.#
###.......#***#.****#..#*,#**
,........,..,,.#,,,,.....,,.#####
#.#.#.....*.#.#,**,*####.#*......
.)...#....*,#.****,* **.########
.........!,,.,* *,* *,.........
,,,,...,.,,..,* *,****,#.#######
****.###,,,,,,* *,**,,,*,,,*##*


You could see an ogre.

Vanquished Creatures
  Purgy (Sewer)
  A phantom (D:5)
  5 elf zombies (Ossuary)
  4 centaur zombies
  An orc priest (D:5)
  A bullfrog skeleton (D:5)
  2 human zombies (Ossuary)
  A scorpion zombie (D:5)
  2 iguanas (D:4)
  4 orc wizards
  2 mummies (Ossuary)
  4 adders
  2 adder skeletons (D:4)
  2 worms
  4 dart slugs
  16 orcs
  7 endoplasms
  7 giant cockroaches
  7 goblins
  A hobgoblin (D:4)
  3 jackals (D:3)
  6 quokkas
  8 ball pythons
  5 bats
  2 frilled lizards
  6 hobgoblin zombies (Ossuary)
  13 kobolds
  14 kobold zombies (Ossuary)
  6 orc zombies (Ossuary)
  6 rats
  A rat zombie (Ossuary)
144 creatures vanquished.

Vanquished Creatures (others)
  4 fungi (D:1)
  7 plants (D:1)
  19 toadstools (D:4)
30 creatures vanquished.

Grand Total: 174 creatures vanquished

Notes
Turn   | Place    | Note
-------+----------+-------------------------------------------
     0 | D:1      | bande the Gargoyle Fighter began the quest for the Orb.
     0 | D:1      | Reached XP level 1. HP: 14/14 MP: 1/1
    98 | D:1      | Reached skill level 2 in Axes
   473 | D:1      | Reached XP level 2. HP: 17/19 MP: 2/2
   855 | D:1      | Found a faded altar of an unknown god.
  1396 | D:2      | Reached XP level 3. HP: 23/23 MP: 3/3
  2302 | D:3      | Reached XP level 4. HP: 28/28 MP: 4/4
  2397 | D:3      | Identified a scroll of acquirement
  2397 | D:3      | Acquired a +2 plate armour of fire resistance
  2605 | D:3      | Reached skill level 3 in Axes
  3058 | D:3      | Found a bloodstained altar of Trog.
  3161 | D:4      | Found a sacrificial altar of Ru.
  3173 | D:4      | Found a sand-covered staircase.
  3179 | D:4      | Reached XP level 5. HP: 24/33 MP: 5/5
  3209 | Ossuary  | Entered an ossuary
  3521 | Ossuary  | Reached XP level 6. HP: 38/38 MP: 6/6
  3539 | Ossuary  | Reached skill level 4 in Axes
  3683 | Ossuary  | Reached XP level 7. HP: 38/44 MP: 7/7
  3692 | Ossuary  | Reached skill level 5 in Axes
  3743 | Ossuary  | Reached skill level 5 in Fighting
  3951 | D:4      | Found a blossoming altar of Fedhas.
  3967 | D:4      | Noticed an oklob plant
  4517 | D:4      | Found a hazy altar of Hepliaklqana.
  4598 | D:4      | Found a sparkling altar of Nemelex Xobeh.
  4739 | D:5      | Entered Level 5 of the Dungeon
  4798 | D:5      | Reached skill level 6 in Axes
  4798 | D:5      | Reached XP level 8. HP: 36/49 MP: 8/8
  4834 | D:5      | Found Huulong's Magic Scroll Boutique.
  4850 | D:5      | Bought a scroll of magic mapping for 35 gold pieces
  4949 | D:5      | Found a glowing drain.
  4955 | Sewer    | Entered a sewer
  4958 | Sewer    | Noticed Purgy
  4982 | Sewer    | Killed Purgy
  4983 | Sewer    | Reached skill level 5 in Armour
  4983 | Sewer    | Reached skill level 5 in Shields
  5466 | D:5      | Found Ofixzevuo's Jewellery Shop.
  5594 | D:5      | Found Houn's Distillery.
  5601 | D:5      | Found Fipou's Antique Weapon Emporium.
  5609 | D:5      | Bought a potion of mutation for 96 gold pieces
  5619 | D:5      | Gained mutation: Armour fits poorly on your strangely
                  | shaped body. [potion of mutation]
  5619 | D:5      | Gained mutation: Your mind is acute. (Int +2) [potion of
                  | mutation]
  5619 | D:5      | Gained mutation: You tend to lose your temper in combat.
                  | [potion of mutation]
  5694 | D:5      | Mangled by an ogre

Illustrated notes

Levels and vault maps discovered:
D:1:      minmay_arrival_up_and_down, layout_rooms, serial_glass,
          glass_columns_c, glass_columns_b,
          shapermc_ecumenical_altar_mp_urbaneastern, minmay_misc_feat_doors,
          chequers_serial_rivers_large_a, minmay_misc_feat_x
D:2:      layout_basic, roderic_malta_cross
D:3:      layout_loops_ring, nicolae_overflow_crystal_walls
D:4:      layout_loops_ring, tgw_fedhas, nemelex_dance_club_becter,
          lemuel_round_altar, nicolae_ru_sacrificial_ziggurat, enter_ossuary_3,
          nrook_mini_backslash
D:5:      layout_loops_ring, kennysheep_mini, serial_shops, nicolae_shop_trees,
          nicolae_shop_statue_plus, nicolae_shop_window_shopping, shop, shop,
          portal_sewer_entry_e, kennysheep_generic_room_10

Skill      XL: |  1  2  3  4  5  6  7  8 |
---------------+-------------------------+-----
Axes           | 2 3 4 6 |  6.5
Shields        | 4 5 |  5.3
Armour         | 4 5 |  5.0
Fighting       | 4 5 |  5.5
Dodging        | |  0.6

Action                   |  1- 3 |  4- 6 |  7- 9 || total
-------------------------+-------+-------+-------++-------
Melee: War axe           |   132 |   228 |   244 ||   604
  Use: Scroll            |     1 |     4 |     5 ||    10
       Potion            |       |       |     2 ||     2
Armor: Scale mail        |    75 |     4 |       ||    79
       Plate armour      |       |   185 |   180 ||   365
Dodge: Dodged            |    56 |    34 |    44 ||   134
Block: Kite shield       |    83 |   104 |   146 ||   333

Table legend: (Time is in decaauts)
 A = Elapsed time spent in this place.
 B = Non-inter-level travel time spent in this place.
 C = Inter-level travel time spent in this place.
 D = Time resting spent in this place.
 E = Time spent auto-exploring this place.
 F = Levels seen in this place.
 G = Mean time per level.
                   A        B        C        D        E       F      G
               +--------+--------+--------+--------+--------+-----+--------+
         Total |   6017 |   5947 |     70 |    816 |   3332 |   7 |  859.6 |
       Dungeon |   4873 |   4803 |     70 |    435 |   3035 |   5 |  974.6 |
         Sewer |    463 |    463 |      0 |    278 |    103 |   1 |  463.0 |
       Ossuary |    680 |    680 |      0 |    103 |    194 |   1 |  680.0 |
               +--------+--------+--------+--------+--------+-----+--------+

Top non-repeatable levels by time:
     D:1: 1337 daAuts
     D:4: 1064 daAuts
     D:2: 1045 daAuts
     D:3: 888 daAuts
 Ossuary: 680 daAuts
     D:5: 538 daAuts
   Sewer: 463 daAuts
